Map: [ESL] Tropical Sacrifice

Players

Solar - Winner!

  • Race: Zerg Zerg
  • League: Master
  • Spawn Location: 7:00

HeroMarine

  • Race: Terran Terran
  • Spawn Location: 1:00

Event: HomeStory Cup XXI

VOD

Have the link to the VOD?

Description

Time

  • Played on: July 23, 2022, 10:32 a.m.
  • Length: 13:26

All games in this series

Show
View Real Time Build Order
Export as new Build Order

Solar Zerg - Winner!

Build Orders: Hatch First 

Get SALT Encoding   

  12  0:00  Drone  
  13  0:13  Overlord  
  13  0:17  Drone  
  14  0:32  Drone x2  
  16  0:49  Hatchery  
  15  0:52  Drone  
  16  0:57  Drone  
  16  0:59  Drone  
  18  1:11  Extractor  
  17  1:15  Spawning Pool  
  17  1:18  Drone  
  17  1:21  Drone  
  18  1:28  Drone  
  19  1:39  Drone  
  20  1:50  Drone  
  21  2:02  Queen x2  
  21  2:03  Zergling x4  
  27  2:15  Overlord  
  27  2:17  Drone  
  28  2:23  Hatchery  
  28  2:26  Drone  
  28  2:34  Drone x2  
  30  2:40  Queen  
  32  2:44  Overlord  
  32  2:48  Drone  
  33  2:53  Metabolic Boost  
  33  2:54  Drone  
  34  2:58  Drone  
  34  3:00  Drone  
  36  3:11  Drone x5  
  41  3:16  Queen  
  43  3:21  Overlord  
  43  3:24  Drone  
  44  3:34  Overlord  
  44  3:36  Queen  
  44  3:38  Queen  
  48  3:43  Drone x3  
  48  3:44  Drone  
  48  3:47  Drone  
  48  3:48  Drone  
  54  3:50  Zergling x2  
  54  3:51  Zergling x2  
  54  3:55  Drone x2  
  58  3:57  Overlord  
  58  4:00  Drone  
  58  4:01  Drone  
  60  4:05  Drone  
  60  4:06  Drone  
  60  4:07  Overlord  
  61  4:13  Drone x2  
  61  4:16  Extractor, Lair  
  62  4:18  Drone x3  
  62  4:22  Overlord  
  65  4:26  Roach Warren  
  65  4:27  Drone x2  
  65  4:29  Drone  
  67  4:33  Drone x3  
  67  4:35  Drone  
  67  4:37  Overlord  
  71  4:41  Drone  
  71  4:43  Extractor  
  71  4:44  Extractor  
  71  4:45  Evolution Chamber, Zergling x2  
  70  4:46  Evolution Chamber  
  70  4:47  Zergling x2  
  70  4:48  Drone x2  
  70  4:50  Drone x2  
  75  4:52  Drone  
  75  4:53  Drone  
  75  4:55  Drone  
  75  4:57  Drone  
  75  4:59  Extractor  
  77  5:00  Extractor, Overlord  
  77  5:01  Drone x2  
  78  5:07  Drone  
  78  5:09  Overlord  
  78  5:11  Overlord  
  79  5:16  Drone  
  79  5:17  Glial Reconstitution  
  79  5:19  Zerg Ground Armor Level 1  
  79  5:20  Drone x5  
  85  5:22  Overlord  
  85  5:27  Zerg Missile Weapons Level 1  
  85  5:29  Roach  
  85  5:33  Roach x3  
  85  5:35  Roach  
  95  5:43  Roach  
  95  5:45  Roach  
  95  5:46  Roach  
  101  5:50  Overlord  
  101  5:51  Roach  
  101  5:54  Roach x2  
  101  5:57  Roach x2, Hatchery  
  111  6:00  Roach x2  
  114  6:09  Overlord  
  115  6:11  Roach x4  
  121  6:23  Evolution Chamber, Overlord  
  121  6:25  Overlord  
  121  6:35  Roach x3  
  121  6:36  Drone  
  126  6:40  Drone x3  
  126  6:42  Spore Crawler, Baneling Nest  
  126  6:44  Zergling x2  
  126  6:45  Zergling x6  
  126  6:47  Ravager x3  
  134  6:49  Overlord  
  134  6:52  Roach  
  136  6:54  Roach  
  136  6:55  Roach  
  136  6:57  Roach x2  
  136  7:01  Drone, Zergling x2  
  142  7:02  Drone x2  
  142  7:06  Spore Crawler  
  142  7:07  Overlord  
  144  7:10  Queen  
  144  7:11  Drone  
  144  7:12  Drone x2  
  149  7:18  Zerg Melee Weapons Level 1  
  149  7:19  Drone x2  
  151  7:23  Zergling x8  
  151  7:26  Zerg Ground Armor Level 2  
  151  7:29  Zergling x4  
  157  7:33  Zergling x8  
  157  7:37  Drone  
  157  7:38  Drone x2  
  157  7:40  Overlord  
  158  7:45  Drone  
  158  7:49  Zergling x12  
  158  7:51  Zergling x4  
  167  7:58  Overlord  
  167  7:59  Infestation Pit  
  167  8:01  Centrifugal Hooks, Zergling x4  
  167  8:03  Hatchery  
  167  8:04  Drone x2  
  169  8:10  Zergling x4  
  168  8:14  Zergling x4  
  168  8:19  Zergling x2  
  164  8:23  Zergling x10  
  164  8:27  Pneumatized Carapace, Ravager x4, Overseer  
  173  8:30  Zergling x10  
  173  8:31  Drone x2  
  173  8:34  Zergling x8  
  184  8:36  Overlord x2  
  184  8:37  Hive, Overlord  
  184  8:38  Baneling x2  
  184  8:39  Baneling x5  
  184  8:50  Spore Crawler  
  184  8:52  Zergling x8  
  184  8:53  Zergling x2  
  184  8:55  Roach  
  178  8:58  Zergling x10  
  178  9:01  Baneling x11  
  180  9:02  Ravager  
  180  9:03  Ravager x2, Zergling x18  
  180  9:08  Zergling x4  
  180  9:09  Ravager  
  191  9:11  Baneling x3  
  191  9:13  Zergling x2  
  184  9:17  Zergling x4  
  184  9:18  Zergling x2  
  184  9:22  Zerg Melee Weapons Level 2  
  166  9:26  Zergling x14  
  166  9:28  Ravager x5  
  166  9:29  Baneling  
  166  9:30  Baneling x3, Zergling x8  
  166  9:31  Zergling x6  
  183  9:33  Zergling x2  
  183  9:35  Zergling x2  
  183  9:36  Zergling x2  
  183  9:37  Zergling x6  
  186  9:41  Zergling x4  
  186  9:45  Zergling x2  
  176  9:49  Zergling x4  
  176  9:52  Baneling x9  
  164  9:53  Zergling x4  
  164  9:56  Zergling x8  
  164  9:57  Baneling x8  
  164  9:59  Zergling x6  
  170  10:04  Zergling x8  
  170  10:07  Zergling x6  
  161  10:11  Zergling x12  
  150  10:17  Zergling x4  
  125  10:23  Roach x3  
  125  10:26  Queen x2  
  122  10:28  Roach x3  
  122  10:29  Zergling x6  
  122  10:30  Baneling  
  122  10:31  Baneling x6, Zergling x4  
  122  10:33  Zergling x8, Adrenal Glands  
  122  10:34  Zergling x4  
  137  10:36  Baneling x3  
  137  10:38  Queen  
  137  10:42  Zergling x2  
  140  10:43  Baneling x5  
  140  10:44  Zergling x4  
  140  10:47  Zergling x4  
  144  10:52  Zergling x2  
  144  10:53  Zergling x6  
  144  10:55  Viper  
  151  10:59  Zergling x6  
  151  11:01  Queen  
  156  11:05  Zergling x4  
  156  11:10  Ultralisk Cavern  
  156  11:11  Zergling x10  
  162  11:14  Zergling x2  
  162  11:16  Drone  
  162  11:18  Zergling x4  
  166  11:22  Baneling x9  
  166  11:24  Zergling x4  
  168  11:28  Zergling x8  
  168  11:32  Baneling x6  
  172  11:33  Zergling x6  
  172  11:35  Drone x2  
  172  11:36  Drone x4  
  172  11:38  Zergling x4  
  182  11:50  Zergling x2  
  182  11:51  Zergling x12  
  182  11:52  Spore Crawler  
  188  11:58  Extractor  
  188  11:59  Zergling x10  
  188  12:00  Hatchery  
  191  12:04  Hatchery  
  191  12:05  Drone  
  191  12:06  Drone  
  191  12:07  Baneling x3  
  191  12:08  Baneling x5  
  193  12:09  Zergling x6  
  193  12:12  Zergling x2  
  195  12:16  Baneling  
  195  12:17  Baneling  
  195  12:18  Zergling x8  
  198  12:34  Zergling x2  
  199  12:37  Baneling x8  
  199  12:43  Zergling x20  
  190  12:45  Zergling x2  
  190  12:46  Zergling x8  
  182  12:57  Zergling x14  
  180  13:04  Zergling x6  
  175  13:06  Zergling x2  
  175  13:07  Zergling x4  
Show
View Real Time Build Order
Export as new Build Order

HeroMarine Terran 

Build Orders: Command Center First (CC) 

Get SALT Encoding   

  12  0:00  SCV  
  13  0:12  SCV  
  14  0:17  Supply Depot  
  14  0:24  SCV  
  15  0:39  SCV  
  16  0:51  SCV  
  17  1:00  Command Center  
  17  1:03  SCV  
  18  1:14  Barracks  
  18  1:17  SCV  
  19  1:22  Refinery  
  19  1:29  SCV  
  19  1:31  Refinery  
  20  1:41  SCV  
  21  1:53  SCV  
  22  2:00  Marine  
  23  2:05  Orbital Command  
  23  2:11  Factory  
  23  2:16  Orbital Command  
  23  2:20  Barracks Reactor  
  23  2:31  SCV  
  24  2:42  SCV  
  24  2:43  SCV  
  26  2:54  SCV  
  26  2:55  SCV  
  26  2:57  Starport  
  28  3:01  Hellion x2  
  28  3:02  Supply Depot  
  28  3:04  Barracks Tech Lab  
  32  3:06  SCV  
  32  3:07  SCV  
  34  3:18  SCV  
  34  3:19  SCV  
  36  3:22  Stimpack  
  36  3:23  Hellion  
  36  3:24  Hellion  
  41  3:31  SCV x2  
  41  3:33  Supply Depot  
  43  3:37  Viking  
  44  3:43  SCV x2  
  44  3:47  Barracks  
  46  3:51  Barracks  
  46  3:55  Factory Tech Lab, SCV  
  46  3:56  SCV  
  46  4:00  Engineering Bay  
  46  4:01  Marine  
  49  4:08  SCV x2, Starport Reactor  
  51  4:10  Supply Depot  
  51  4:18  Marine  
  51  4:19  Refinery  
  51  4:20  SCV x2  
  54  4:26  Supply Depot  
  54  4:27  Terran Infantry Weapons Level 1  
  54  4:31  Siege Tank  
  54  4:32  SCV x2  
  54  4:33  Supply Depot  
  59  4:43  Marine x3  
  62  4:47  Medivac x2, Marine  
  62  4:48  SCV  
  62  4:49  SCV  
  62  4:52  Supply Depot  
  69  5:01  Marine  
  69  5:02  Combat Shield  
  69  5:05  Command Center  
  70  5:09  Marine x3  
  70  5:13  Siege Tank  
  76  5:16  SCV x2  
  78  5:22  Marine  
  78  5:24  Refinery  
  78  5:26  Starport Reactor  
  81  5:28  SCV x2  
  83  5:40  SCV x2, Supply Depot  
  83  5:41  Supply Depot  
  85  5:43  Barracks  
  85  5:45  Siege Tank  
  85  5:47  Barracks  
  86  6:01  Marine x5  
  86  6:02  SCV x2  
  93  6:08  Medivac x2  
  97  6:14  SCV x2  
  99  6:19  Marine x2  
  99  6:20  Marauder  
  99  6:22  Marine x2  
  103  6:26  SCV x2  
  105  6:33  Barracks Tech Lab  
  105  6:35  Barracks Tech Lab  
  105  6:38  SCV x2  
  105  6:39  Terran Infantry Armor Level 1  
  107  6:41  Marine x2, Marauder  
  107  6:42  Marine x2  
  107  6:44  Siege Tank  
  116  6:50  SCV  
  117  6:55  SCV  
  117  6:57  Marauder  
  117  6:58  Concussive Shells, Marauder  
  121  7:02  Marine x2, Marauder  
  121  7:07  Orbital Command  
  127  7:09  Marine x2  
  127  7:11  Medivac  
  127  7:12  Medivac  
  131  7:19  Marauder  
  131  7:21  Siege Tank, Supply Depot  
  131  7:22  Marauder  
  138  7:24  Supply Depot  
  138  7:30  Supply Depot  
  138  7:31  Supply Depot  
  138  7:37  Marine, Marauder  
  135  7:38  Marine x2  
  135  7:39  Marine  
  135  7:42  Marauder  
  141  7:44  Marauder  
  141  7:48  Medivac  
  145  7:53  Siege Tank  
  145  7:56  Medivac  
  145  7:58  Marine x3, Marauder  
  150  8:00  Marine  
  150  8:03  Marauder  
  155  8:06  Marauder  
  155  8:09  Supply Depot x2  
  157  8:16  Marine x3  
  157  8:19  Marauder  
  157  8:22  Marine  
  157  8:24  Marauder  
  157  8:25  Supply Depot  
  157  8:26  Medivac, Supply Depot  
  157  8:27  Medivac, Marauder  
  166  8:33  Marine  
  166  8:34  Marine x2  
  165  8:38  Siege Tank  
  165  8:40  Marine x2  
  172  8:45  Refinery, SCV x3  
  172  8:46  Marauder  
  172  8:48  Marine  
  178  8:51  Marine x2  
  178  8:52  Marine  
  175  8:58  Marine  
  175  8:59  Marauder  
  177  9:06  Marauder  
  177  9:07  Marauder  
  177  9:09  Marine x3  
  181  9:10  Medivac  
  181  9:11  Medivac  
  181  9:16  Marine  
  174  9:20  Marauder  
  166  9:27  Marine x3  
  166  9:28  Marauder  
  166  9:29  Marauder  
  164  9:34  Marine  
  164  9:35  Siege Tank  
  167  9:41  Marauder  
  167  9:45  Marine x3  
  169  9:49  Marine, Marauder  
  169  9:51  Marine  
  159  10:02  Marine  
  159  10:03  Marine x2, Marauder  
  159  10:06  Medivac x2  
  157  10:07  SCV x3  
  157  10:08  Marauder  
  157  10:09  Marine  
  157  10:10  Marine  
  148  10:20  Marine x2  
  148  10:21  Marine  
  131  10:24  Siege Tank, Marauder  
  131  10:27  Marine  
  119  10:28  Marauder  
  119  10:29  Marine, Command Center  
  119  10:31  Armory  
  119  10:34  Refinery  
  120  10:36  Factory  
  120  10:38  Marine x3  
  123  10:45  Marine, Marauder  
  123  10:47  Factory, Marauder  
  130  10:50  Missile Turret, Marauder, Sensor Tower  
  130  10:56  Marine x3  
  133  11:00  Siege Tank  
  133  11:03  Marine  
  137  11:06  Engineering Bay  
  137  11:07  Marauder  
  137  11:08  Marine  
  137  11:10  Marine  
  137  11:11  SCV x3  
  144  11:14  Marine x3  
  147  11:22  Terran Vehicle Weapons Level 1  
  147  11:24  Factory Tech Lab, SCV x2  
  147  11:25  SCV  
  150  11:27  Marine x2  
  150  11:28  Marine x2  
  150  11:32  Marine x3  
  157  11:41  Siege Tank  
  157  11:42  Factory Tech Lab  
  157  11:43  Siege Tank  
  157  11:45  Marine x3  
  166  11:53  Marine x3  
  169  12:00  Siege Tank  
  171  12:09  Marauder  
  171  12:14  Siege Tank  
  171  12:15  Siege Tank  
  177  12:16  Marine x3  
  177  12:18  Marauder  
  182  12:24  Refinery  
  182  12:27  Refinery  
  182  12:29  Marine x3  
  184  12:32  Siege Tank  
  184  12:34  Marine x3  
  191  12:42  Marine  
  180  12:46  Siege Tank, Marine  
  180  12:47  Siege Tank  
  147  13:00  Marauder  
  147  13:05  Marine x3  
  136  13:06  Marine x3  
  136  13:09  SCV  
  136  13:10  SCV x2  
Tags
 
Add a new tag
Caveats
  • Supply blocks, unpowered buildings, or Contaminate may cause inaccurate times.
  • Supply counts are checked every 10 seconds.